[Event "Titled Tuesday Blitz February 14 Early 2023"]
[White "Movahed, Sina"]
[Black "Durarbayli, Vasif"]
[WhiteFideId "42520835"]
[BlackFideId "13402935"]
[WhiteElo "2340"]
[BlackElo "2627"]
[Result "1-0"]
[Round "03"]
[TimeControl "180+2"]
[Date "2023.02.15"]
[WhiteClock "0:00:13"]
[BlackClock "0:00:01"]

1. e4 e5 2. Nf3 Nc6 3. Bb5 a6 4. Ba4 Nge7 5. O-O g6 6. c3 b5 7. Bc2 d6 8. h3 Bg7 9. d4 exd4 10. cxd4 O-O 11. d5 Nb4 12. Bb3 a5 13. a3 Na6 14. Nc3 Rb8 15. Re1 Nc5 16. Bc2 b4 17. axb4 axb4 18. Na4 b3 19. Bd3 Ra8 20. Bb5 Ra5 21. Nxc5 Rxa1 22. Nxb3 Ra8 23. Qc2 Bd7 24. Bc4 Nc8 25. Bg5 Bf6 26. Bh6 Re8 27. Nbd4 Nb6 28. Bb3 Ra5 29. Bd2 Ra7 30. Rc1 Qe7 31. Re1 Rea8 32. Bc3 Ra1 33. Rxa1 Rxa1+ 34. Kh2 Be5+ 35. Nxe5 Qxe5+ 36. g3 Qh5 37. h4 Qg4 38. Kg2 Qh3+ 39. Kf3 Qh1+ 40. Ke3 Rf1 41. Qe2 Rb1 42. Kf4 h6 43. Ne6 Qc1+ 44. Kg4 fxe6 45. dxe6 Be8 46. e7+ Kh7 47. Be6 Qd1 48. Qxd1 Rxd1 49. f4 h5+ 50. Kg5 1-0


[Site "https://www.chess.com"]

[Event "Titled Tuesday Blitz February 14 Early 2023"]
[White "Bok, Benjamin"]
[Black "Barp, Alberto"]
[WhiteFideId "1017063"]
[BlackFideId "872555"]
[WhiteElo "2607"]
[BlackElo "2432"]
[Result "1-0"]
[Round "03"]
[TimeControl "180+2"]
[Date "2023.02.15"]
[WhiteClock "0:00:13"]
[BlackClock "0:00:10"]

1. d4 Nf6 2. c4 e6 3. Nc3 Bb4 4. Qc2 O-O 5. a3 Bxc3+ 6. Qxc3 d5 7. Bg5 dxc4 8. Qxc4 b6 9. Rd1 Ba6 10. Qa4 Qd7 11. Qc2 Qc6 12. Qxc6 Nxc6 13. Bxf6 gxf6 14. Nf3 Na5 15. e3 Bxf1 16. Rxf1 c5 17. Ke2 Nc4 18. Rb1 Rfc8 19. Rfc1 Nd6 20. dxc5 bxc5 21. Rc2 Rab8 22. Nd2 c4 23. Rbc1 Kf8 24. Kf3 Ke7 25. Nxc4 Nxc4 26. Rxc4 Rxc4 27. Rxc4 Kd6 28. Ra4 Rb7 29. Ra5 f5 30. b4 f6 31. h3 h6 32. g4 fxg4+ 33. hxg4 Rc7 34. Kf4 Ke7 35. Ra6 Kf7 36. b5 Rc4+ 37. e4 Rc7 38. a4 Ke7 39. f3 Kf7 40. Rc6 Rd7 41. a5 Rb7 42. b6 axb6 43. axb6 Rb8 44. e5 Rd8 45. Rc4 Rb8 46. Rb4 Rb7 47. Ke4 Kg6 48. f4 h5 49. gxh5+ Kxh5 50. exf6 Kg6 51. Ke5 Kf7 52. Kd6 Kxf6 53. Kc6 Rb8 54. b7 Kf5 55. Kc7 Rh8 56. b8=Q Rxb8 57. Kxb8 1-0


[Site "https://www.chess.com"]

[Event "Titled Tuesday Blitz February 14 Early 2023"]
[White "Drygalov, Sergey"]
[Black "Lianes Garcia, Marcos"]
[WhiteFideId "24171743"]
[BlackFideId "32060777"]
[WhiteElo "2547"]
[BlackElo "2411"]
[Result "1/2-1/2"]
[Round "03"]
[TimeControl "180+2"]
[Date "2023.02.15"]
[WhiteClock "0:00:05"]
[BlackClock "0:00:03"]

1. d4 g6 2. c4 Bg7 3. Nf3 c5 4. d5 d6 5. e4 e5 6. Nc3 Ne7 7. h4 h6 8. h5 g5 9. Be2 O-O 10. Nh2 f5 11. exf5 Bxf5 12. Ng4 Nd7 13. Ne3 Bh7 14. Bd3 Bxd3 15. Qxd3 Nf6 16. Bd2 a6 17. g4 Qd7 18. f3 b5 19. O-O Rab8 20. b3 Rfc8 21. Rab1 b4 22. Ne4 Nxe4 23. fxe4 Rf8 24. Kg2 a5 25. Rxf8+ Rxf8 26. Rf1 Rxf1 27. Qxf1 a4 28. Qe1 axb3 29. axb3 Qa7 30. Qb1 Bf6 31. Nc2 Kf7 32. Qa1 Qxa1 33. Nxa1 Nc8 34. Nc2 Bd8 35. Ne3 Ne7 36. Kf3 Kg7 37. Nd1 Kf7 38. Nb2 Ke8 39. Nd3 Bc7 40. Bc1 Kf7 41. Bb2 Kf6 42. Bxe5+ dxe5 43. Nxc5 Nc8 44. Na6 Ba5 45. c5 Ke7 46. Ke3 Na7 47. Kd3 Nb5 48. Nb8 Nd4 49. Kc4 Kd8 50. d6 Kc8 51. Na6 Kb7 52. Kd5 Kxa6 53. Kxe5 Nc6+ 54. Kd5 Kb5 55. e5 Bd8 56. e6 Bf6 57. e7 Nxe7+ 58. Ke6 Ng8 59. Kd5 Ne7+ 60. Ke6 Ng8 61. Kd5 Ne7+ 1/2-1/2


[Site "https://www.chess.com"]

[Event "Titled Tuesday Blitz February 14 Early 2023"]
[White "Ioannidis, Evgenios"]
[Black "Demchenko, Anton"]
[WhiteFideId "4229274"]
[BlackFideId "4160258"]
[WhiteElo "2467"]
[BlackElo "2623"]
[Result "1-0"]
[Round "03"]
[TimeControl "180+2"]
[Date "2023.02.15"]
[WhiteClock "0:00:20"]
[BlackClock "0:00:03"]

1. d4 Nf6 2. c4 e6 3. Nc3 Bb4 4. Qc2 d6 5. Bd2 Nc6 6. Nf3 Qe7 7. a3 Bxc3 8. Bxc3 e5 9. d5 Nb8 10. e3 a5 11. Nd2 a4 12. Be2 Nbd7 13. O-O Nc5 14. Rae1 b6 15. f4 e4 16. Bxf6 gxf6 17. f5 Qe5 18. Qc3 Qxc3 19. bxc3 Bd7 20. Rf4 O-O-O 21. Nxe4 Nxe4 22. Rxe4 Bxf5 23. Rf4 Bg6 24. Rxf6 Rde8 25. Kf2 h5 26. h4 Re5 27. Bd1 Re4 28. Rf4 Re5 29. Bxa4 Kd8 30. Bc6 Ke7 31. a4 Rg8 32. Ra1 Be4 33. g3 Rb8 34. Ra2 f5 35. Rb2 Rc8 36. Rb5 Rd8 37. a5 bxa5 38. Rxa5 Rb8 39. Rb5 Rc8 40. Rb7 Kd8 41. Ra7 Rb8 42. Ra8 Rxa8 43. Bxa8 Ke7 44. Bc6 Kf6 45. Ba4 Re7 46. Bd1 Kg6 47. Bf3 Bc2 48. c5 Be4 49. Bxe4 fxe4 50. c6 Re5 51. c4 Re8 52. Ke2 1-0


[Site "https://www.chess.com"]

[Event "Titled Tuesday Blitz February 14 Early 2023"]
[White "Timofeev, Artyom"]
[Black "Zahid, Sanatan"]
[WhiteFideId "4140419"]
[BlackFideId "10201963"]
[WhiteElo "2567"]
[BlackElo "1930"]
[Result "1-0"]
[Round "03"]
[TimeControl "180+2"]
[Date "2023.02.15"]
[WhiteClock "0:00:35"]
[BlackClock "0:00:02"]

1. e4 e6 2. Qe2 Be7 3. Nf3 d5 4. d3 Nf6 5. g3 c5 6. Bg2 Nc6 7. O-O O-O 8. a4 b6 9. Nc3 Ba6 10. exd5 exd5 11. Re1 Re8 12. Bg5 Nb4 13. Qd2 h6 14. Bf4 Bd6 15. Bxd6 Qxd6 16. Nb5 Bxb5 17. axb5 d4 18. Rxe8+ Rxe8 19. Rxa7 Qe6 20. c3 dxc3 21. bxc3 Nbd5 22. Ra1 Qe2 23. Rc1 Qxd2 24. Nxd2 Nc7 25. Bc6 Re6 26. Nc4 Nfd5 27. f4 Ne7 28. Bd7 Re2 29. Nxb6 Rb2 30. Nc4 Rb3 31. b6 Ncd5 32. Ba4 Rxb6 33. Nxb6 Nxb6 34. Bb3 Nc6 35. Rb1 Nd7 36. Ba4 Ncb8 37. Bxd7 1-0


[Site "https://www.chess.com"]

[Event "Titled Tuesday Blitz February 14 Early 2023"]
[White "Costachi, Mihnea"]
[Black "Sanal, Vahap"]
[WhiteFideId "1217518"]
[BlackFideId "6300545"]
[WhiteElo "2476"]
[BlackElo "2600"]
[Result "0-1"]
[Round "03"]
[TimeControl "180+2"]
[Date "2023.02.15"]
[WhiteClock "0:00:04"]
[BlackClock "0:00:20"]

1. Nc3 d5 2. d4 Nf6 3. Bf4 e6 4. e3 a6 5. g4 c5 6. g5 Nfd7 7. h4 Nc6 8. h5 Be7 9. Nf3 Qb6 10. Rb1 Qa5 11. Bg2 b5 12. O-O b4 13. Ne2 Qxa2 14. dxc5 Nxc5 15. Ned4 Nxd4 16. Qxd4 f6 17. gxf6 gxf6 18. Nd2 Qa5 19. c3 b3 20. Ra1 Qd8 21. Bg3 Bb7 22. c4 Rg8 23. cxd5 Bxd5 24. Bxd5 Qxd5 25. Qxd5 exd5 26. Rfc1 Bd6 27. Kh2 Kd7 28. Ra5 Rac8 29. Rc3 Rg5 30. Nf3 Rxh5+ 31. Kg2 Bxg3 32. Raxc5 Rxc5 33. Rxc5 Bc7 34. Rc3 Rh6 35. Rxb3 Rg6+ 36. Kf1 Rg4 37. Ra3 a5 38. Nd4 h5 39. Nb5 Bb6 40. Rd3 Kc6 41. Nc3 d4 42. exd4 Rxd4 43. Rf3 Bd8 44. Rf5 h4 45. Kg2 a4 46. Ne2 Rb4 47. Nc3 Rc4 48. Rh5 a3 49. bxa3 Rxc3 50. Rxh4 Rxa3 51. Rh8 Kd7 52. Rh7+ Be7 53. Rh5 Ke6 54. Rh4 Ra5 55. Re4+ Re5 56. Ra4 Bc5 57. f3 Kf5 58. Rc4 Rd5 59. Kg3 Bd6+ 60. Kf2 Bf4 61. Ra4 Rd2+ 62. Kf1 Kg5 63. Re4 f5 64. Rc4 Be3 65. Ra4 f4 66. Ke1 Kh4 67. Ra8 Kg3 68. Rd8 Kxf3 69. Rxd2 Bxd2+ 70. Kxd2 Kf2 71. Kd3 f3 72. Kd2 Kg2 73. Ke1 f2+ 74. Kd2 f1=Q 0-1


[Site "https://www.chess.com"]

[Event "Titled Tuesday Blitz February 14 Early 2023"]
[White "Chigaev, Maksim"]
[Black "Srihari L R"]
[WhiteFideId "4108116"]
[BlackFideId "46617116"]
[WhiteElo "2628"]
[BlackElo "2416"]
[Result "1/2-1/2"]
[Round "03"]
[TimeControl "180+2"]
[Date "2023.02.15"]
[WhiteClock "0:00:04"]
[BlackClock "0:00:05"]

1. e4 c6 2. Nf3 d5 3. d3 Nf6 4. e5 Nfd7 5. d4 e6 6. c3 c5 7. Bd3 Nc6 8. O-O a6 9. Be3 b5 10. Nbd2 Bb7 11. a3 Be7 12. Re1 Rc8 13. Nf1 cxd4 14. cxd4 Na5 15. Ng3 Nc4 16. Bc1 h5 17. h3 h4 18. Nf1 b4 19. axb4 Bxb4 20. Re2 a5 21. N1h2 Nb8 22. Ng4 Ba6 23. b3 Nb6 24. Bg5 Qd7 25. Bxa6 Nxa6 26. Rc2 Qb5 27. Rxc8+ Nxc8 28. Bxh4 Na7 29. Bg5 Nc6 30. Qc2 Kd7 31. Qc1 Qd3 32. Qe3 Qxe3 33. Bxe3 Rb8 34. Ng5 Bc3 35. Ra3 Bb2 36. Ra4 Rxb3 37. Nxf7 Rb4 38. Ra2 Bxd4 39. Bxd4 Rxd4 40. Ng5 a4 41. Kh2 Nc5 42. Nf3 Rd3 43. Rc2 Ne4 44. Rb2 Rb3 45. Ra2 a3 46. Ne3 Nc3 47. Ra1 a2 48. Nd2 Rb1 49. Rxa2 Nxa2 50. Nxb1 Nxe5 51. f4 Nc4 52. Nc2 Kd6 53. Kg3 Kc5 54. Kf3 d4 55. Ke4 Nd6+ 56. Kd3 Nb5 57. Nd2 Nac3 58. Nb3+ Kd5 59. Nbxd4 Nxd4 60. Nxd4 Ne4 61. Ke3 Nf6 62. Nf3 Kd6 63. Ne5 Ke7 64. Kf3 Nd5 65. h4 Kf6 66. g4 g6 67. Nc4 Ne7 68. Nd6 Nd5 69. Ne4+ Kf7 70. Kg3 Ne7 71. Ng5+ Kf6 72. Kf3 Nd5 73. Ne4+ Kf7 74. Nc5 Kf6 75. Nd3 Ne7 76. Ne5 Nd5 77. Ke4 Ne7 78. Nd7+ Kf7 79. Nb6 Nc6 80. Nc4 Kf6 81. Ne5 Ne7 82. Kf3 Nd5 1/2-1/2


[Site "https://www.chess.com"]

[Event "Titled Tuesday Blitz February 14 Early 2023"]
[White "Tanenbaum, Zachary"]
[Black "Sychev, Klementy"]
[WhiteFideId "2060850"]
[BlackFideId "4114060"]
[WhiteElo "2261"]
[BlackElo "2547"]
[Result "1-0"]
[Round "03"]
[TimeControl "180+2"]
[Date "2023.02.15"]
[WhiteClock "0:00:10"]
[BlackClock "0:00:17"]

1. e4 e5 2. Nf3 Nc6 3. Bc4 Nf6 4. d3 Bc5 5. c3 O-O 6. Nbd2 d5 7. exd5 Nxd5 8. Ne4 Be7 9. O-O Nb6 10. Bb3 Bg4 11. h3 Bxf3 12. Qxf3 Qd7 13. Bg5 Kh8 14. Qh5 f5 15. Bxe7 Qxe7 16. Ng5 h6 17. Nf7+ Kh7 18. Qxf5+ g6 19. Qe6 Qxe6 20. Bxe6 Rae8 21. Bb3 Na5 22. Rfe1 Nxb3 23. axb3 Rxf7 24. Rxa7 c6 25. Re4 Ree7 26. Ra5 Nd7 27. f3 g5 28. b4 Kg6 29. b5 c5 30. b4 Nf6 31. Rc4 cxb4 32. Rxb4 Nd5 33. Rc4 Rc7 34. Rxc7 Rxc7 35. b6 Rd7 36. c4 Nf4 37. Rxe5 Kf6 38. Re8 Nxd3 39. Rh8 Kg6 40. Rc8 Kf5 41. Rh8 Rd6 42. Rf8+ Kg6 43. Rg8+ Kh7 44. Re8 Rxb6 45. Re3 Nf4 46. c5 Rb2 47. g3 Rg2+ 48. Kf1 Rxg3 49. Re7+ 1-0


[Site "https://www.chess.com"]

[Event "Titled Tuesday Blitz February 14 Early 2023"]
[White "Vokhidov, Shamsiddin"]
[Black "Darini, Pouria"]
[WhiteFideId "14204223"]
[BlackFideId "12502200"]
[WhiteElo "2586"]
[BlackElo "2401"]
[Result "1-0"]
[Round "03"]
[TimeControl "180+2"]
[Date "2023.02.15"]
[WhiteClock "0:00:08"]
[BlackClock "0:00:04"]

1. e4 c5 2. Nf3 Nc6 3. Bb5 e6 4. Bxc6 bxc6 5. d3 Qc7 6. Qe2 e5 7. Nfd2 Ne7 8. Nc3 Ng6 9. h4 Nf4 10. Qf1 d6 11. Nc4 Ne6 12. f4 Nd4 13. Qf2 f6 14. b3 Be6 15. f5 Bf7 16. g4 d5 17. Ne3 Rd8 18. Bb2 c4 19. dxc4 dxc4 20. O-O-O Bc5 21. Na4 Qa5 22. Bc3 Qb5 23. Nxc5 Qxc5 24. Qe1 cxb3 25. axb3 Rb8 26. Rd3 O-O 27. Qd2 Bxb3 28. Rxd4 exd4 29. Bxd4 Qa3+ 30. Bb2 Qa4 31. g5 Qxe4 32. Rg1 Rfd8 33. Qc3 Re8 34. Ng4 Qf4+ 35. Kb1 Bxc2+ 36. Qxc2 Rxb2+ 37. Kxb2 Rb8+ 38. Ka2 Qb4 39. Rg3 Qa5+ 40. Ra3 Qd5+ 41. Rb3 a5 42. Ne3 Qf7 43. Qc4 Qxc4 44. Nxc4 Rd8 45. gxf6 gxf6 46. Nxa5 Rd5 47. Nxc6 Kf7 48. Rb7+ Kf8 49. Rxh7 Rxf5 50. Ne7 Rf2+ 51. Kb3 Rg2 52. h5 f5 53. Nxf5 Rg5 54. Ne7 Re5 55. Ng6+ Kg8 56. Nxe5 Kxh7 57. Ng4 Kg7 58. Kc4 1-0


[Site "https://www.chess.com"]

[Event "Titled Tuesday Blitz February 14 Early 2023"]
[White "Dardha, Daniel"]
[Black "Dehtiarov, Roman"]
[WhiteFideId "240990"]
[BlackFideId "14186640"]
[WhiteElo "2631"]
[BlackElo "2289"]
[Result "1-0"]
[Round "03"]
[TimeControl "180+2"]
[Date "2023.02.15"]
[WhiteClock "0:00:09"]
[BlackClock "0:00:28"]

1. d4 d5 2. c4 e6 3. Nf3 Nf6 4. Nc3 Be7 5. g3 O-O 6. Bg2 b6 7. cxd5 exd5 8. O-O Bb7 9. Bf4 Nbd7 10. e3 c6 11. Qc2 h6 12. Ne5 Re8 13. h4 Nf8 14. Rfe1 Ne6 15. Rac1 Rc8 16. Bh3 Bb4 17. a3 Bxc3 18. bxc3 Ne4 19. c4 dxc4 20. Qxe4 Nxf4 21. Bxc8 Nd3 22. Bxb7 Nxe1 23. Rxe1 f6 24. Nxc6 Qd7 25. Qd5+ Qxd5 26. Ne7+ Rxe7 27. Bxd5+ Kf8 28. Bxc4 Rc7 29. Bf1 Rc3 30. Ra1 Ke7 31. a4 Rb3 32. h5 Kd6 33. Kg2 a5 34. Kf3 Rb2 35. Bb5 Rc2 36. Rh1 Ke6 37. Rh4 f5 38. g4 fxg4+ 39. Rxg4 Kf6 40. Rg6+ Kf7 41. Rxb6 Rc1 42. Rc6 Rh1 43. Bc4+ Kf8 44. Rc8+ Ke7 45. Rc7+ Kf6 46. Rf7+ Kg5 47. Rxg7+ Kh4 48. Kg2 Rc1 49. Be2 Re1 50. Bb5 Rb1 51. Ra7 Rc1 52. Rxa5 Rc7 53. Ra6 Rg7+ 54. Rg6 Rh7 55. f3 Kxh5 56. Be8 Re7 57. Rg8+ Kh4 58. Rg4# 1-0


[Site "https://www.chess.com"]

[Event "Titled Tuesday Blitz February 14 Early 2023"]
[White "Dragnev, Valentin"]
[Black "Bharath Subramaniyam H"]
[WhiteFideId "1634852"]
[BlackFideId "46634827"]
[WhiteElo "2593"]
[BlackElo "2517"]
[Result "0-1"]
[Round "03"]
[TimeControl "180+2"]
[Date "2023.02.15"]
[WhiteClock "0:00:04"]
[BlackClock "0:00:26"]

1. Nf3 d5 2. c4 e6 3. e3 Nf6 4. Nc3 c5 5. d4 Nc6 6. a3 a6 7. dxc5 Bxc5 8. b4 Ba7 9. Bb2 O-O 10. Qc2 dxc4 11. Bxc4 b5 12. Bd3 Ne7 13. Ne4 Nfd5 14. Neg5 Ng6 15. h4 Bxe3 16. fxe3 Nxe3 17. Qd2 Nxg2+ 18. Qxg2 Qxd3 19. Rd1 Qe3+ 20. Qe2 Qxe2+ 21. Kxe2 Bb7 22. Rhg1 h6 23. Nh3 Bxf3+ 24. Kxf3 Nxh4+ 25. Ke4 Nf5 26. Nf4 Rfd8 27. Rxd8+ Rxd8 28. Nh5 g5 29. Nf6+ Kf8 30. Rc1 Nd6+ 31. Kf3 Nc4 32. Bc3 Ke7 33. Kg4 Rd3 34. Ba1 Rxa3 35. Rd1 Ne3+ 36. Kh5 Nxd1 0-1


[Site "https://www.chess.com"]

[Event "Titled Tuesday Blitz February 14 Early 2023"]
[White "Zhigalko, Sergei"]
[Black "Matinian, Nikita"]
[WhiteFideId "13502956"]
[BlackFideId "24129100"]
[WhiteElo "2572"]
[BlackElo "2407"]
[Result "1-0"]
[Round "03"]
[TimeControl "180+2"]
[Date "2023.02.15"]
[WhiteClock "0:00:10"]
[BlackClock "0:00:11"]

1. e4 d6 2. d4 g6 3. Nc3 Bg7 4. Nf3 Nf6 5. h3 Nc6 6. Bb5 O-O 7. O-O Bd7 8. Re1 a6 9. Bxc6 Bxc6 10. Bf4 b5 11. d5 Bb7 12. Qd2 c6 13. a3 Rc8 14. Rad1 Re8 15. Bh6 Bh8 16. dxc6 Bxc6 17. Nd4 Bb7 18. Qg5 Rxc3 19. bxc3 Nxe4 20. Qe3 Qc8 21. Rd3 Qc4 22. Kh1 Nc5 23. Rd2 Na4 24. Rd3 Nc5 25. Rd2 Ne4 26. Rd3 Bf6 27. f3 Nc5 28. Rd2 Qa2 29. Qf4 Be5 30. Rxe5 dxe5 31. Qxe5 Qa1+ 32. Kh2 1-0


[Site "https://www.chess.com"]

[Event "Titled Tuesday Blitz February 14 Early 2023"]
[White "Csonka, Balazs"]
[Black "Hammer, Jon Ludvig"]
[WhiteFideId "742910"]
[BlackFideId "1503707"]
[WhiteElo "2496"]
[BlackElo "2636"]
[Result "0-1"]
[Round "03"]
[TimeControl "180+2"]
[Date "2023.02.15"]
[WhiteClock "0:00:04"]
[BlackClock "0:00:14"]

1. d4 Nf6 2. c4 e6 3. Nf3 d5 4. Nc3 Bb4 5. Qb3 c5 6. dxc5 a5 7. a3 Bxc5 8. Bg5 O-O 9. e3 a4 10. Qc2 Qa5 11. Bxf6 gxf6 12. O-O-O dxc4 13. Bxc4 Bd7 14. Nd4 Rc8 15. Qd3 Nc6 16. Nf3 Be8 17. Kb1 Na7 18. Qe4 Bxa3 19. Qg4+ Kh8 20. Qh4 Bxb2 21. Bd3 Kg7 22. Qxf6+ Kxf6 0-1


[Site "https://www.chess.com"]

[Event "Titled Tuesday Blitz February 14 Early 2023"]
[White "Md, Imran"]
[Black "Livaic, Leon"]
[WhiteFideId "25748580"]
[BlackFideId "14531534"]
[WhiteElo "2284"]
[BlackElo "2579"]
[Result "0-1"]
[Round "03"]
[TimeControl "180+2"]
[Date "2023.02.15"]
[WhiteClock "0:00:01"]
[BlackClock "0:00:08"]

1. Nf3 Nf6 2. e3 b6 3. c4 Bb7 4. b3 g6 5. Bb2 Bg7 6. Be2 O-O 7. O-O d6 8. d3 e5 9. Nbd2 Nbd7 10. Qc2 a5 11. a3 Re8 12. b4 e4 13. dxe4 Nxe4 14. Bxg7 Kxg7 15. Nb3 axb4 16. axb4 Qf6 17. Bd3 Ng5 18. Nfd2 Nh3+ 19. Kh1 Rxa1 20. Nxa1 Nxf2+ 21. Kg1 Nh3+ 22. Kh1 Qe5 23. e4 Nf2+ 24. Rxf2 Qxa1+ 25. Rf1 Qd4 26. Nf3 Qe3 27. Qb2+ Kg8 28. Bb1 Ne5 29. Nd2 Ng4 30. h3 Nf2+ 31. Kh2 Nxe4 32. Nxe4 Bxe4 33. Qf6 Rf8 34. Qe7 f5 35. c5 Qe2 36. Bxe4 Qxe4 37. Qxc7 Qe5+ 38. Kh1 bxc5 39. bxc5 Qxc5 40. Qd7 Rf7 41. Qa4 Kg7 42. Qd1 d5 43. Re1 d4 44. Qd2 Rd7 45. Qe2 d3 46. Qe6 Qd5 47. Qe8 d2 48. Re7+ Kh6 49. Qf8+ Kh5 50. Rxd7 d1=Q+ 51. Kh2 Qe5+ 0-1


[Site "https://www.chess.com"]

[Event "Titled Tuesday Blitz February 14 Early 2023"]
[White "Yeletsky, Ivan"]
[Black "Sokolovsky, Yahli"]
[WhiteFideId "24180327"]
[BlackFideId "2820242"]
[WhiteElo "2494"]
[BlackElo "2461"]
[Result "1-0"]
[Round "03"]
[TimeControl "180+2"]
[Date "2023.02.15"]
[WhiteClock "0:00:10"]
[BlackClock "0:00:11"]

1. d4 d6 2. e4 g6 3. h4 h6 4. h5 g5 5. f4 gxf4 6. Bxf4 Nc6 7. Nc3 Bg7 8. d5 Ne5 9. Nf3 Bg4 10. Be2 Bxf3 11. gxf3 e6 12. Qd2 exd5 13. Nxd5 Ne7 14. Ne3 Qd7 15. Rg1 Bf6 16. O-O-O O-O-O 17. Kb1 Kb8 18. Qa5 Qc6 19. a3 Qb6 20. Qxb6 axb6 21. c3 Rdg8 22. Bg3 N7c6 23. Nd5 Bd8 24. f4 Ng4 25. Bc4 Rg7 26. b4 Rhg8 27. Be1 Ne7 28. Bd2 Nxd5 29. Bxd5 c6 30. Bb3 Nf2 31. Rxg7 Rxg7 32. Re1 Bh4 33. Kc2 Bg3 34. Re2 Nh3 35. Rg2 Nf2 36. e5 d5 37. f5 Ne4 38. Bxh6 Rh7 39. Bd2 Rxh5 40. e6 fxe6 41. fxe6 Re5 42. Rxg3 Rxe6 43. Bf4+ Ka7 44. c4 Nxg3 45. Bxg3 Re2+ 46. Kd3 Rg2 47. Be5 dxc4+ 48. Bxc4 Rg5 49. Bd4 Rh5 50. Be3 Rh3 51. a4 Ka8 52. Kd2 Rh2+ 53. Be2 b5 54. a5 Rh5 55. Bc5 Rd5+ 56. Bd3 Rd7 57. Kc3 Rg7 58. Be4 Rg3+ 59. Kd4 Rg4 60. Ke5 Rg5+ 61. Kd6 Rg3 62. Kc7 Rg7+ 63. Kb6 Kb8 64. Bd6+ Kc8 65. Bf5+ Kd8 66. a6 bxa6 67. Kxa6 Rf7 68. Be4 Rf6 69. Bc5 Kc7 70. Bb6+ Kd6 71. Kb7 Rf7+ 72. Kc8 Re7 73. Bf3 Rf7 74. Bc5+ Ke5 75. Bxc6 Rh7 76. Kb8 Rh8+ 77. Kc7 Rh7+ 78. Kb6 Rh6 79. Kxb5 Ke6 80. Kb6 Rh5 81. b5 Rh2 82. Kc7 Rc2 83. Bd4 Rd2 84. Be3 Re2 85. Bf4 Rf2 86. Bg3 Rf7+ 87. Kb6 Rg7 88. Bc7 Rg1 89. Kb7 Rb1 90. b6 Rb2 91. Kc8 Rxb6 92. Bxb6 Kd6 93. Kb7 Ke5 94. Kc7 Kf4 95. Kd6 Kf5 96. Bd7+ Kf4 97. Kd5 Kg5 98. Ke5 Kh4 99. Kf4 Kh5 100. Bf2 Kg6 101. Ke5 Kf7 102. Bf5 Kg7 103. Bc5 Kh6 104. Kf6 Kh5 105. Bf2 Kh6 106. Bg4 Kh7 107. Be3 Kg8 108. Bh6 Kh7 109. Bf8 Kg8 110. Ke7 Kh7 111. Kf7 Kh8 112. Bg7+ 1-0


[Site "https://www.chess.com"]

[Event "Titled Tuesday Blitz February 14 Early 2023"]
[White "Kovalenko, Igor"]
[Black "Mindlin, Alon"]
[WhiteFideId "14117908"]
[BlackFideId "2800071"]
[WhiteElo "2674"]
[BlackElo "2435"]
[Result "0-1"]
[Round "03"]
[TimeControl "180+2"]
[Date "2023.02.15"]
[WhiteClock "0:00:18"]
[BlackClock "0:01:06"]

1. c4 e5 2. Nc3 Nf6 3. Nf3 Nc6 4. g3 Bb4 5. Nd5 Be7 6. Bg2 d6 7. O-O O-O 8. d4 Bg4 9. dxe5 dxe5 10. h3 Bf5 11. Kh2 Be4 12. Nxe7+ Qxe7 13. Be3 Rad8 14. Qb3 Nd4 15. Bxd4 exd4 16. Rfe1 c5 17. Rad1 b6 18. a3 Rfe8 19. Qa4 Qb7 20. b4 d3 21. Qb3 dxe2 22. Rxd8 Rxd8 23. Rxe2 Rd3 24. Qa4 b5 25. Qa5 Bxf3 26. Bxf3 Qxf3 27. Rb2 Rd1 0-1


[Site "https://www.chess.com"]

[Event "Titled Tuesday Blitz February 14 Early 2023"]
[White "Tan, Zhongyi"]
[Black "Gharibyan, Mamikon"]
[WhiteFideId "8603642"]
[BlackFideId "13308300"]
[WhiteElo "2517"]
[BlackElo "2500"]
[Result "1-0"]
[Round "03"]
[TimeControl "180+2"]
[Date "2023.02.15"]
[WhiteClock "0:00:27"]
[BlackClock "0:00:03"]

1. c4 e6 2. d4 d5 3. Nc3 Nf6 4. cxd5 exd5 5. Bg5 c6 6. e3 h6 7. Bh4 Be7 8. Bd3 O-O 9. Qc2 Ne8 10. Bg3 Nd6 11. Nf3 Be6 12. O-O Nd7 13. h3 Rc8 14. Rad1 Re8 15. Rfe1 Bf8 16. Ne5 Nf6 17. f3 c5 18. Qd2 Bf5 19. dxc5 Rxc5 20. Bh2 Qc8 21. Ng4 Bxg4 22. hxg4 Nc4 23. Bxc4 dxc4 24. e4 Rg5 25. e5 Nh7 26. Ne4 Rg6 27. Nd6 Bxd6 28. exd6 Rxe1+ 29. Rxe1 Nf8 30. Re7 Qc5+ 31. Kh1 h5 32. d7 Nxd7 33. Qxd7 hxg4 34. Re8+ Kh7 35. Qxf7 1-0


[Site "https://www.chess.com"]

[Event "Titled Tuesday Blitz February 14 Early 2023"]
[White "Paichadze, Luka"]
[Black "Ozates, Tuna"]
[WhiteFideId "13602934"]
[BlackFideId "6354521"]
[WhiteElo "2515"]
[BlackElo "2251"]
[Result "1-0"]
[Round "03"]
[TimeControl "180+2"]
[Date "2023.02.15"]
[WhiteClock "0:00:40"]
[BlackClock "0:00:01"]

1. e4 c5 2. Nf3 Nc6 3. Bb5 g6 4. O-O Bg7 5. d3 d6 6. Nc3 e5 7. Bg5 f6 8. Be3 Ne7 9. Bc4 a6 10. a4 Bd7 11. Qd2 Qc8 12. Bh6 Kf8 13. h3 Be6 14. Nh2 g5 15. Bxg7+ Kxg7 16. Ne2 h5 17. c3 Rd8 18. Qe3 b6 19. h4 g4 20. Ng3 Rh8 21. f4 Bxc4 22. dxc4 Qe6 23. Rad1 Rad8 24. b3 Na5 25. fxe5 Qxe5 26. Nf5+ Nxf5 27. Rxf5 Qe6 28. Nf1 Rde8 29. Ng3 Kg6 30. Qf4 Nb7 31. Rdd5 Ref8 32. Rxh5 Kf7 33. Rxh8 Rxh8 34. Nf5 a5 35. Qxg4 Kf8 36. Qg7+ 1-0


[Site "https://www.chess.com"]

[Event "Titled Tuesday Blitz February 14 Early 2023"]
[White "Liyanage, Ranindu Dilshan"]
[Black "Mitrabha, Guha"]
[WhiteFideId "9915834"]
[BlackFideId "5057000"]
[WhiteElo "2342"]
[BlackElo "2507"]
[Result "0-1"]
[Round "03"]
[TimeControl "180+2"]
[Date "2023.02.15"]
[WhiteClock "0:00:03"]
[BlackClock "0:00:51"]

1. c4 Nf6 2. Nc3 c5 3. Nf3 e6 4. g3 d5 5. cxd5 Nxd5 6. d4 Nxc3 7. bxc3 cxd4 8. cxd4 Bb4+ 9. Bd2 Bxd2+ 10. Qxd2 b6 11. Bg2 Bb7 12. O-O O-O 13. Rac1 Nd7 14. Rfd1 Rc8 15. Qf4 Nf6 16. h4 h6 17. Qd2 Qe7 18. Ne5 Bxg2 19. Kxg2 Qb7+ 20. f3 Rfd8 21. Rxc8 Rxc8 22. Rc1 Rd8 23. e3 Nd5 24. e4 Ne7 25. Qf4 f6 26. Nd3 Qa6 27. Qc7 Re8 28. Nf4 Qxa2+ 29. Rc2 Qb3 30. Kh3 Qxf3 31. Qd7 Kf8 32. Nxe6+ Kf7 33. Nf4 Qh1+ 34. Rh2 Qxe4 35. d5 g5 36. hxg5 hxg5 37. Kg4 gxf4 38. gxf4 Rg8+ 0-1


[Site "https://www.chess.com"]

[Event "Titled Tuesday Blitz February 14 Early 2023"]
[White "Nigmatov, Ortik"]
[Black "Ter-Sahakyan, Samvel"]
[WhiteFideId "14202131"]
[BlackFideId "13302531"]
[WhiteElo "2438"]
[BlackElo "2617"]
[Result "0-1"]
[Round "03"]
[TimeControl "180+2"]
[Date "2023.02.15"]
[WhiteClock "0:00:02"]
[BlackClock "0:00:53"]

1. e4 c5 2. Nf3 e6 3. d4 cxd4 4. Nxd4 Nf6 5. Nc3 Nc6 6. Ndb5 Bb4 7. a3 Bxc3+ 8. Nxc3 d5 9. exd5 exd5 10. Bd3 O-O 11. O-O Bg4 12. Ne2 Bh5 13. Bf4 Re8 14. Qd2 Bg6 15. Rad1 Qb6 16. b4 Rac8 17. Bxg6 hxg6 18. Be3 Qa6 19. Nd4 Ne5 20. Qc1 Ne4 21. Rfe1 Qf6 22. f3 Nc3 23. Bg5 Qb6 24. Rd2 Nc4 25. Rd3 Ne2+ 26. Rxe2 Rxe2 27. Qd1 Rce8 28. Bh4 Nb2 0-1


[Site "https://www.chess.com"]

[Event "Titled Tuesday Blitz February 14 Early 2023"]
[White "Makarian, Rudik"]
[Black "Korchmar, Vasiliy"]
[WhiteFideId "44105681"]
[BlackFideId "24131750"]
[WhiteElo "2545"]
[BlackElo "2438"]
[Result "0-1"]
[Round "03"]
[TimeControl "180+2"]
[Date "2023.02.15"]
[WhiteClock "0:00:01"]
[BlackClock "0:00:11"]

1. d4 d5 2. c4 c6 3. Nf3 Nf6 4. Nc3 e6 5. g3 Nbd7 6. Bg2 dxc4 7. O-O Bd6 8. e4 e5 9. Qe2 O-O 10. Rd1 exd4 11. Nxd4 Ne5 12. h3 Nd3 13. Be3 Bc5 14. Nc2 Bxe3 15. Nxe3 b5 16. e5 Nd5 17. Ncxd5 cxd5 18. Bxd5 Bxh3 19. Qh5 Be6 20. Bxa8 Qxa8 21. Rd2 Qe4 22. Qh4 Qxe5 23. Rb1 h6 24. b3 Rc8 25. bxc4 bxc4 26. Rbd1 a5 27. Qh1 a4 28. Qb7 Rb8 29. Qc6 Rc8 30. Qb7 a3 31. Qa6 Qe4 32. Rxd3 cxd3 33. Qxa3 Rd8 34. Qa5 Qd4 0-1


[Site "https://www.chess.com"]